Workbook

Sheet Income Statement
H1: for reference
E2: Historical | J2: Projection Period | P2: One problem is that the interest income is not factored in into the income or cash flow statements
B3: Year ended 31st December | E3: 2017A | F3: 2018A | G3: 2019A | H3: 2019 - 1H | I3: 2020 - 1H | J3: 2020 -2H | K3: 2020F | L3: 2021F | M3: 2022F | N3: 2023F
D4: HK$’000
B5: Revenue | D5: 52826115 | E5: =E11 -> 48639742 | F5: =F11 -> 55210901 | G5: =G11 -> 51901991 | H5: =H11 -> 26219471 | I5: =I11 -> 6222665 | J5: =J11 -> 6222665 | K5: =K11 -> 12445330 | L5: =L11 -> 21911170 | ... N5: =N11 -> 49606379 | P5: Gross Revenue includes net gaming wins, contributions from City Club Casinos and tips received. However they take less than 1%
C6: Gross revenue from gaming operations | E6: 55946870 | F6: 65230209 | G6: 57205198 | H6: 29581395 | I6: 5714749 | J6: =I6*(1+J50) -> 5714749 | K6: =I6+J6 -> 11429498 | L6: =K6*(1+L50) -> 22858996 | M6: =L6*(1+M50) -> 45717992 | N6: =M6*(1+N50) -> 57147490
C7: Less: Commission and incentives | E7: -15323345 | F7: -18205467 | G7: -13623781 | H7: -7347049 | I7: -1393132 | J7: =-J6*J51 -> -1393132 | K7: =I7+J7 -> -2786264 | L7: =-L6*L51 -> -6028244.9 | M7: =-M6*M51 -> -12056490 | N7: =-N6*N51 -> -15070612
C8: Net revenue from gaming operations | E8: =E6+E7 -> 40623525 | F8: =F6+F7 -> 47024742 | G8: =G6+G7 -> 43581417 | H8: =H6+H7 -> 22234346 | I8: =I6+I7 -> 4321617 | J8: =J6+J7 -> 4321617 | K8: =I8+J8 -> 8643234 | L8: =L6+L7 -> 16830751 | M8: =M6+M7 -> 33661502 | N8: =N6+N7 -> 42076878
C9: Revenue from hotel, mall operations and others | E9: 4948839 | F9: 5297977 | G9: 5486582 | H9: 2652659 | I9: 678841 | J9: =J6*J52 -> 678841 | K9: =I9+J9 -> 1357682 | L9: =L6*L52 -> 2192418.9 | M9: =M6*M52 -> 4047357.2 | N9: =N6*N52 -> 4641501.1
C10: Sales of construction materials | E10: 3067378 | F10: 2888182 | G10: 2833992 | H10: 1332466 | I10: 1222207 | J10: =I10 -> 1222207 | K10: =I10+J10 -> 2444414 | L10: =2888000 -> 2888000 | M10: =2888000 -> 2888000 | N10: =2888000 -> 2888000 | P10: * Independent. Assumed no growth
C11: Total Net Revenue | E11: =E8+E9+E10 -> 48639742 | F11: =F8+F9+F10 -> 55210901 | G11: =G8+G9+G10 -> 51901991 | H11: =H8+H9+H10 -> 26219471 | I11: =I8+I9+I10 -> 6222665 | J11: =J8+J9+J10 -> 6222665 | K11: =K8+K9+K10 -> 12445330 | L11: =L8+L9+L10 -> 21911170 | ... N11: =N8+N9+N10 -> 49606379
B13: Other income/gains, net | E13: 597646 | F13: 1146210 | G13: =SUM(G14:G23) -> 1113294 | H13: 582778 | I13: =SUM(I14:I23) -> 326082 | K13: =SUM(K14:K23) -> 896482.81 | L13: =SUM(L14:L23) -> 869928.7 | M13: =SUM(M14:M23) -> 848895.25 | N13: =SUM(N14:N23) -> 841782.96 | O13: (?) | P13: * Majority comes from Financial Assets at Amortised Cost = investments in debt securities. Step up done.
C14: Bank deposits | F14: 146126 | G14: 355393 | I14: 248211 | K14: ='Debt Schedule'!I32 -> 96482.807 | L14: ='Debt Schedule'!J32 -> 69928.702 | M14: ='Debt Schedule'!K32 -> 48895.25 | N14: ='Debt Schedule'!L32 -> 41782.961
A15: > | C15: Financial assets at amortised cost | E15: 342287 | F15: 846656 | G15: 937087 | I15: 387557 | K15: 800000 | L15: 800000 | M15: 800000 | N15: 800000 | P15: ^ Just assume 800,000 in earnings for the next few years
C16: Loans to joint ventures | F16: 546 | G16: 293 | I16: 49 | K16: 0 | L16: 0 | M16: 0 | N16: 0 | P16: ^ Very small. Assume no changes
C17: Deferred receivables | F17: 1173 | G17: 1177 | I17: 452 | K17: 0 | L17: 0 | M17: 0 | N17: 0 | P17: ^ Very small. Assume no changes
C18: Dividend income from unlisted investments | F18: 4100 | G18: 12045 | I18: 2500 | K18: 0 | L18: 0 | M18: 0 | N18: 0 | P18: ^ Huge bearish case. Assume no changes
C19: Dividend income from listed investments | F19: 65030 | G19: 107008 | I19: 28225 | K19: 0 | L19: 0 | M19: 0 | N19: 0 | P19: ^ Huge bearish case. Assume no changes
C20: Gross earnings on finance lease | F20: 2159 | G20: 2268 | I20: 275 | K20: 0 | L20: 0 | M20: 0 | N20: 0 | P20: ^ Very small. Assume no changes
C21: (Loss)/gain on disposal and loss on write-off of property, plant and equipment | F21: 3562 | G21: -120173 | I21: -156501 | K21: 0 | L21: 0 | M21: 0 | N21: 0 | P21: ^ Assume no sale or write off on PPE
C22: Foreign exchange (loss)/gain | F22: 37270 | G22: -227025 | I22: -205380 | K22: 0 | L22: 0 | M22: 0 | N22: 0 | P22: ^ Assume no changes
C23: Others | F23: 39588 | G23: 45221 | I23: 20694 | K23: 0 | L23: 0 | M23: 0 | N23: 0 | P23: ^ Assumed no change
B24: Related & special gaming taxes | E24: -21999205 | F24: -25619522 | G24: -22487289 | H24: -11626931 | I24: -2315300 | J24: =-J53*J11 -> -2315300 | K24: =I24+J24 -> -4630600 | L24: =-L53*L11 -> -9856983 | M24: =-M53*M11 -> -18262948 | N24: =-N53*N11 -> -22315980
B25: Raw materials and consumables used | E25: -1261578 | F25: -1199209 | G25: -1087023 | H25: -493944 | I25: -500915 | J25: =-J54*J11 -> -500915 | K25: =I25+J25 -> -1001830 | L25: =-L54*L11 -> -1314670.2 | M25: =-M54*M11 -> -1623874.4 | N25: =-N54*N11 -> -1134356.7
B26: Amortisation and depreciation | E26: -3348665 | F26: -3315913 | G26: -3456596 | H26: -1663633 | I26: -1597503 | K26: =Depreciation!H8 -> -3195006 | L26: =Depreciation!I8 -> -3498428.4 | M26: =Depreciation!J8 -> -3489357.8 | N26: =Depreciation!K8 -> -3541536.6 | O26: ~
B27: Employee benefit expenses | E27: -7368542 | F27: -7784742 | G27: -7981133 | H27: -3987121 | I27: -3681118 | J27: =-J55*J11 -> -3681118 | K27: =I27+J27 -> -7362236 | L27: =-L55*L11 -> -9860026.5 | M27: =-M55*M11 -> -12179058 | N27: =-N55*N11 -> -7628129.5
B28: Other operating expenses | E28: -4811282 | F28: -5072801 | G28: -5122254 | H28: -2423392 | I28: -1368490 | J28: =-J11*J56 -> -1368490 | K28: =I28+J28 -> -2736980 | L28: =-L11*L56 -> -3944010.6 | M28: =-M11*M56 -> -5683560.3 | N28: =-N11*N56 -> -4960637.9 | P28: Mainly consists of utilities, fuel, repairs, maintenance, advertising and promotions, F&B costs
B29: Finance costs | E29: -63914 | F29: -138775 | G29: -129326 | H29: -89501 | I29: -16128 | K29: =-'Debt Schedule'!I29 -> -167867.25 | L29: =-'Debt Schedule'!J29 -> -268116.53 | M29: =-'Debt Schedule'!K29 -> -198072.58 | N29: =-'Debt Schedule'!L29 -> -93437.45 | O29: ~ | P29: Consists of Bank loans and overdrafts, Obligaitons under finance lease, lease liabilities and Others
P30: * However as Bank Loans are always 90%>, we shall assume the rest are 0 (to make things simple)
B31: Share of profits less losses of:
B32: Joint ventures | E32: 244275 | F32: 387585 | G32: 532173 | H32: 275028 | I32: 199842 | J32: =I32 -> 199842 | K32: =I32+J32 -> 399684 | L32: =AVERAGE(K32,G32,F32,E32) -> 390929.25 | M32: =AVERAGE(L32,K32,G32,F32) -> 427592.81 | N32: =AVERAGE(M32,L32,K32,G32) -> 437594.77 | P32: * last 4 years average, kind of a step up.
B33: Associated companies | E33: -100 | F33: 35 | G33: -18 | H33: -3 | I33: 79 | J33: =I33 -> 79 | K33: =I33+J33 -> 158 | L33: =AVERAGE(K33,G33,F33,E33) -> 18.75 | M33: =AVERAGE(L33,K33,G33,F33) -> 48.4375 | N33: =AVERAGE(M33,L33,K33,G33) -> 51.796875 | P33: * last 4 years average, kind of a step up.
B35: Profit before taxation | E35: =E5+E13+SUM(E24:E29)+SUM(E32:E33) -> 10628377 | F35: =F5+F13+SUM(F24:F29)+SUM(F32:F33) -> 13613769 | G35: =G5+G13+SUM(G24:G29)+SUM(G32:G33) -> 13283819 | H35: =H5+H13+SUM(H24:H29)+SUM(H32:H33) -> 6792752 | I35: =I5+I13+SUM(I24:I29)+SUM(I32:I33) -> -2730786 | J35: =J5+J13+SUM(J24:J29)+SUM(J32:J33) -> -1443237 | K35: =K5+K13+SUM(K24:K29)+SUM(K32:K33) -> -5352864.4 | L35: =L5+L13+SUM(L24:L29)+SUM(L32:L33) -> -5570188.6 | ... N35: =N5+N13+SUM(N24:N29)+SUM(N32:N33) -> 11211730
B36: Taxation charge | E36: -112775 | F36: -43485 | G36: -155964 | H36: -71328 | I36: -71769 | K36: =K57*K11 -> 146119.38 | L36: =L57*L11 -> 257256.87 | M36: =M57*M11 -> 200915.13 | N36: =N57*N11 -> 245503.53 | P36: HK profits tax at 16.5%. Weighted average applicable tax rate for profits generated outside of Hong Kong is 12%.
B37: Profit for the year | E37: =E35+E36 -> 10515602 | F37: =F35+F36 -> 13570284 | G37: =G35+G36 -> 13127855 | H37: =H35+H36 -> 6721424 | I37: =I35+I36 -> -2802555 | J37: =J35+J36 -> -1443237 | K37: =I37+J37 -> -4245792 | L37: =L35+L36 -> -5312931.7 | M37: =M35+M36 -> 637440.29 | N37: =N35+N36 -> 11457234
B39: EBIT | K39: =K35-K29-K14 -> -5281480 | L39: =L35-L29-L14 -> -5372000.8 | M39: =M35-M29-M14 -> 585702.49 | N39: =N35-N29-N14 -> 11263385
B40: EBITDA (rough calculation) | E40: =E37-E29-E36-E26 -> 14040956 | F40: =F37-F29-F36-F26 -> 17068457 | G40: =G37-G29-G36-G26 -> 16869741 | H40: =H37-H29-H36-H26 -> 8545886 | I40: =I37-I29-I36-I26 -> -1117155 | J40: =J37-J29-J36-J26 -> -1443237 | K40: =K35-K29-K26-K14 -> -2086474 | L40: =L35-L29-L26-L14 -> -1873572.3 | M40: =M35-M29-M26-M14 -> 4075060.3 | N40: =N35-N29-N26-N14 -> 14804921
B42: Other comprehensive income/(loss):
C43: Change in fair value of financial assets at fair value through other comprehensive income. | E43: 276092 | F43: -3215569 | G43: 1768354 | H43: 1129497 | I43: -2646798 | J43: 0 | K43: =I43+J43 -> -2646798 | L43: =G43 -> 1768354 | M43: =K43 -> -2646798 | N43: =L43 -> 1768354 | O43: (?) | P43: * Follows a pattern. Negative, positive, negative.
C44: Translation differences of subsidiaries | E44: 79399 | F44: -77848 | G44: -40905 | H44: -9114 | I44: -47187 | J44: 0 | K44: =I44+J44 -> -47187 | L44: =AVERAGE(K44,G44,F44,E44) -> -21635.25 | M44: =AVERAGE(L44,K44,G44,F44) -> -46893.812 | N44: =AVERAGE(M44,L44,K44,G44) -> -39155.266 | P44: * last 4 years average, kind of a step up.
C45: Share of translation differences of joint ventures | E45: 91912 | F45: -72590 | G45: -28575 | H45: -4461 | I45: -26293 | J45: 0 | K45: =I45+J45 -> -26293 | L45: =AVERAGE(K45,G45,F45,E45) -> -8886.5 | M45: =AVERAGE(L45,K45,G45,F45) -> -34086.125 | N45: =AVERAGE(M45,L45,K45,G45) -> -24460.156 | P45: * last 4 years average, kind of a step up.
C46: Other comprehensive income/(loss) for the year, net of tax | E46: =SUM(E43:E45) -> 447403 | F46: =SUM(F43:F45) -> -3366007 | G46: =SUM(G43:G45) -> 1698874 | H46: =SUM(H43:H45) -> 1115922 | I46: =SUM(I43:I45) -> -2720278 | J46: =SUM(J43:J45) -> 0 | K46: =I46+J46 -> -2720278 | L46: =SUM(L43:L45) -> 1737832.2 | M46: =SUM(M43:M45) -> -2727777.9 | N46: =SUM(N43:N45) -> 1704738.6
B48: Total comprehensive income for the year | E48: =E37+E46 -> 10963005 | F48: =F37+F46 -> 10204277 | G48: =G37+G46 -> 14826729 | H48: =H37+H46 -> 7837346 | I48: =I37+I46 -> -5522833 | J48: =SUM(J45:J47) -> 0 | K48: =I48+J48 -> -5522833 | L48: =L37+L46 -> -3575099.5 | M48: =M37+M46 -> -2090337.6 | N48: =N37+N46 -> 13161972
C50: Revenue Growth | E50: =(E5-D5)/D5 -> -0.079248171 | F50: =(F5-E5)/E5 -> 0.13509856 | G50: =(G5-F5)/F5 -> -0.059932186 | I50: =(I5-H5)/H5 -> -0.76267008 | J50: 0 | L50: 1 | M50: 1 | N50: 0.25 | P50: (?) undecided. 10% for now.
C51: Commission and incentives as a % of Gross Revenues | E51: =-E7/E6 -> 0.27389101 | F51: =-F7/F6 -> 0.27909564 | G51: =-G7/G6 -> 0.23815635 | H51: =-H7/H6 -> 0.24836723 | I51: =-I7/I6 -> 0.24377834 | J51: =I51 -> 0.24377834 | L51: =AVERAGE($E$51:$G$51) -> 0.26371433 | M51: =AVERAGE($E$51:$G$51) -> 0.26371433 | N51: =AVERAGE($E$51:$G$51) -> 0.26371433 | P51: Average method
C52: Revenue from hotel, mall operations and others as a % of Gross Revenues | E52: =E9/E6 -> 0.088456048 | F52: =F9/F6 -> 0.081219685 | G52: =G9/G6 -> 0.09591055 | H52: =H9/H6 -> 0.089673222 | I52: =I9/I6 -> 0.11878754 | J52: =I52 -> 0.11878754 | L52: =MAX(E52:G52) -> 0.09591055 | M52: =AVERAGE(E52:G52) -> 0.088528761 | N52: =MIN(E52:G52) -> 0.081219685 | P52: Step down to mean
C53: Related & special gaming taxes as a % of Net Revenue | E53: =-E24/E11 -> 0.45228869 | F53: =-F24/F11 -> 0.46403014 | G53: =-G24/G11 -> 0.43326448 | H53: =-H24/H11 -> 0.44344644 | I53: =-I24/I11 -> 0.37207531 | J53: =I53 -> 0.37207531 | L53: =AVERAGE($E$53:$G$53) -> 0.4498611 | M53: =AVERAGE($E$53:$G$53) -> 0.4498611 | N53: =AVERAGE($E$53:$G$53) -> 0.4498611 | P53: Average method
C54: Raw materials and consumables used as a % of Net Revenue | E54: =-E25/E11 -> 0.025937185 | F54: =-F25/F11 -> 0.021720511 | G54: =-G25/G11 -> 0.020943763 | H54: =-H25/H11 -> 0.018838824 | I54: =-I25/I11 -> 0.080498468 | J54: =I54 -> 0.080498468 | L54: 0.06 | M54: 0.04 | N54: =AVERAGE(E54:G54) -> 0.022867153 | P54: Step down to mean
C55: Employee benefit expenses as a % of Net Revenue | E55: =-E27/E11 -> 0.15149221 | F55: =-F27/F11 -> 0.14100009 | G55: =-G27/G11 -> 0.15377316 | H55: =-H27/H11 -> 0.15206718 | I55: =-I27/I11 -> 0.59156615 | J55: =I55 -> 0.59156615 | L55: 0.45 | M55: 0.3 | N55: =MAX(E55:G55) -> 0.15377316 | P55: Step down to mean
C56: Other operating expenses as a % of Net Revenue | E56: =-E28/E11 -> 0.098916684 | F56: =-F28/F11 -> 0.091880424 | G56: =-G28/G11 -> 0.098690896 | H56: =-H28/H11 -> 0.092427189 | I56: =-I28/I11 -> 0.21992024 | J56: =I56 -> 0.21992024 | L56: 0.18 | M56: 0.14 | N56: 0.1 | P56: Step down to mean
A57: (e) | C57: Taxation charge as a % of Net Revenues | E57: =-E36/E11 -> 0.0023185773 | F57: =-F36/F11 -> 0.0007876162 | G57: =-G36/G35 -> 0.011740901 | H57: =-H36/H11 -> 0.002720421 | I57: =-I36/I11 -> 0.011533483 | J57: =I57 -> 0.011533483 | K57: =MAX(E57:G57) -> 0.011740901 | L57: =MAX(E57:G57) -> 0.011740901 | M57: =AVERAGE(E57:G57) -> 0.0049490314 | N57: =AVERAGE(E57:G57) -> 0.0049490314 | P57: Average method

Sheet Balance Sheet
F2: Historical | J2: Projection Period
B3: Year ended 31st December | F3: 2017A | G3: 2018A | H3: 2019A | I3: 2020 - 1H | J3: 2020 -2H | K3: 2020F | L3: 2021F | M3: 2022F | N3: 2023F
E4: HK$’000
B5: Non-current Assets
C6: Property, plant and equipment | F6: 31801690 | G6: 31359096 | H6: 32736635 | I6: 33628821 | J6: =K6-H6 -> 804994 | K6: =H6+'Cash Flow Statement'!J9-'Cash Flow Statement'!J33-'Cash Flow Statement'!J36 -> 33541629 | L6: =K6+'Cash Flow Statement'!K9-'Cash Flow Statement'!K33-'Cash Flow Statement'!K36 -> 34043201 | M6: =L6+'Cash Flow Statement'!L9-'Cash Flow Statement'!L33-'Cash Flow Statement'!L36 -> 34553843 | N6: =M6+'Cash Flow Statement'!M9-'Cash Flow Statement'!M33-'Cash Flow Statement'!M36 -> 35012306
C7: Right-of-use assets | F7: 0 | G7: 0 | H7: 4950013 | I7: 4880397 | K7: =H7 -> 4950013 | L7: =K7 -> 4950013 | M7: =L7 -> 4950013 | N7: =M7 -> 4950013 | P7: * No link
C8: Leasehold land and land use rights | F8: 5013464 | G8: 4921285 | H8: 0 | I8: 0 | K8: =H8-'Cash Flow Statement'!J34 -> 0 | L8: =K8-'Cash Flow Statement'!K34 -> 0 | M8: =L8-'Cash Flow Statement'!L34 -> 0 | N8: =M8-'Cash Flow Statement'!M34 -> 0
C9: Intangible assets | F9: 921019 | G9: 722371 | H9: 554524 | I9: 461903 | K9: =H9-'Cash Flow Statement'!J35 -> 554524 | L9: =K9-'Cash Flow Statement'!K35 -> 554524 | M9: =L9-'Cash Flow Statement'!L35 -> 554524 | N9: =M9-'Cash Flow Statement'!M35 -> 554524
C10: Joint ventures | F10: 1518367 | G10: 1630959 | H10: 1836036 | I10: 1733426 | K10: =H10 -> 1836036 | L10: =K10 -> 1836036 | M10: =L10 -> 1836036 | N10: =M10 -> 1836036 | P10: * No link
C11: Associated companies | F11: 2217 | G11: 2252 | H11: 2238 | I11: 2315 | K11: =H11 -> 2238 | L11: =K11 -> 2238 | M11: =L11 -> 2238 | N11: =M11 -> 2238 | P11: * No link
C12: Financial assets at amortised cost | F12: 23688142 | G12: 25778612 | H12: 25164997 | I12: 22772768 | K12: =H12-'Cash Flow Statement'!J41-'Cash Flow Statement'!J42 -> 25164997 | L12: =K12-'Cash Flow Statement'!K41-'Cash Flow Statement'!K42 -> 25164997 | M12: =L12-'Cash Flow Statement'!L41-'Cash Flow Statement'!L42 -> 25164997 | N12: =M12-'Cash Flow Statement'!M41-'Cash Flow Statement'!M42 -> 25164997
C13: Financial assets at fair value through other comprehensive income | F13: 643189 | G13: 4530411 | H13: 6262099 | I13: 3578332 | K13: =H13 -> 6262099 | L13: =K13 -> 6262099 | M13: =L13 -> 6262099 | N13: =M13 -> 6262099 | P13: ^ No change
C14: Long-term bank deposits | F14: 0 | G14: 0 | H14: 4470886 | I14: 4448931 | K14: =H14 -> 4470886 | L14: =K14 -> 4470886 | M14: =L14 -> 4470886 | N14: =M14 -> 4470886 | P14: * No link
C15: Other non-current assets | F15: 125183 | G15: 125809 | H15: 202293 | I15: 275304 | K15: =H15+'Cash Flow Statement'!J38 -> 202293 | L15: =K15+'Cash Flow Statement'!K38 -> 202293 | M15: =L15+'Cash Flow Statement'!L38 -> 202293 | N15: =M15+'Cash Flow Statement'!M38 -> 202293
C16: Total Non-current Assets | F16: =SUM(F6:F15) -> 63713271 | G16: =SUM(G6:G15) -> 69070795 | H16: =SUM(H6:H15) -> 76179721 | I16: =SUM(I6:I15) -> 71782197 | K16: =SUM(K6:K15) -> 76984715 | L16: =SUM(L6:L15) -> 77486287 | M16: =SUM(M6:M15) -> 77996929 | N16: =SUM(N6:N15) -> 78455392
B18: Current Assets
C19: Inventories | F19: 171443 | G19: 189799 | H19: 177834 | I19: 190837 | K19: =H19-'Cash Flow Statement'!J20 -> 184335.5 | L19: =K19-'Cash Flow Statement'!K20 -> 220740.31 | M19: =L19-'Cash Flow Statement'!L20 -> 282015.6 | N19: =M19-'Cash Flow Statement'!M20 -> 198728.93
C20: Debtors and prepayments | F20: 1961509 | G20: 1860409 | H20: 2145046 | I20: 1882862 | K20: =H20-'Cash Flow Statement'!J21 -> 2013954 | L20: =K20-'Cash Flow Statement'!K21 -> 2304735 | M20: =L20-'Cash Flow Statement'!L21 -> 3091532.5 | N20: =M20-'Cash Flow Statement'!M21 -> 2263672.5
C21: Amounts due from joint ventures | F21: 204642 | G21: 178727 | H21: 161946 | I21: 156204 | K21: =H21+'Cash Flow Statement'!J24 -> 161946 | L21: =K21+'Cash Flow Statement'!K24 -> 161946 | M21: =L21+'Cash Flow Statement'!L24 -> 161946 | N21: =M21+'Cash Flow Statement'!M24 -> 161946
C22: Taxation recoverable | F22: 23456 | G22: 35373 | H22: 40093 | I22: 33641 | K22: =H22-'Cash Flow Statement'!J37 -> 40093 | L22: =K22-'Cash Flow Statement'!K37 -> 40093 | M22: =L22-'Cash Flow Statement'!L37 -> 40093 | N22: =M22-'Cash Flow Statement'!M37 -> 40093
C23: Current portion of financial assets at amortised cost | F23: 140012 | G23: 1543905 | H23: 2345444 | I23: 2625601 | K23: =H23 -> 2345444 | L23: =K23 -> 2345444 | M23: =L23 -> 2345444 | N23: =M23 -> 2345444
C24: Cash and cash equivalents and other bank deposits | F24: =SUM(F25:F27) -> 17600349 | G24: =SUM(G25:G27) -> 14504823 | H24: =SUM(H25:H27) -> 14646088 | I24: 16988524 | K24: =SUM(K25:K27) -> 14940680 | L24: =SUM(L25:L27) -> 11001539 | M24: =SUM(M25:M27) -> 12024718 | N24: =SUM(N25:N27) -> 9908638.3
D25: Cash and cash equivalents | F25: 15702430 | G25: 13778102 | H25: 6248151 | K25: ='Cash Flow Statement'!J64 -> 6542743.2 | L25: ='Cash Flow Statement'!K64 -> 2603602 | M25: ='Cash Flow Statement'!L64 -> 3626781.3 | N25: ='Cash Flow Statement'!M64 -> 1510701.3 | P25: Sum of Short Term Bank Desposits 2019
D26: Short-term pledged bank deposits | F26: 711822 | G26: 726721 | H26: 429689 | K26: =H26 -> 429689 | L26: =K26 -> 429689 | M26: =L26 -> 429689 | N26: =M26 -> 429689 | P26: ^ Assume no change as all are maturity over three months
D27: Short-term bank deposits with maturity over three months | F27: 1186097 | G27: 0 | H27: 7968248 | K27: =H27-'Cash Flow Statement'!J44 -> 7968248 | L27: =K27-'Cash Flow Statement'!K44 -> 7968248 | M27: =L27-'Cash Flow Statement'!L44 -> 7968248 | N27: =M27-'Cash Flow Statement'!M44 -> 7968248
C28: Total Current Assets | F28: =SUM(F19:F24) -> 20101411 | G28: =SUM(G19:G24) -> 18313036 | H28: =SUM(H19:H24) -> 19516451 | I28: =SUM(I19:I24) -> 21877669 | K28: =SUM(K19:K24) -> 19686453 | L28: =SUM(L19:L24) -> 16074497 | M28: =SUM(M19:M24) -> 17945749 | N28: =SUM(N19:N24) -> 14918523
B30: Non-current liabilities
C31: Borrowings | F31: 259392 | G31: 251392 | H31: 8931 | I31: 0 | K31: =H31 -> 8931 | L31: =K31 -> 8931 | M31: =L31 -> 8931 | N31: =M31 -> 8931
C32: Deferred taxation liabilities | F32: 268120 | G32: 194695 | H32: 201218 | I32: 203542 | K32: =H32+'Cash Flow Statement'!J39 -> 201218 | L32: =K32+'Cash Flow Statement'!K39 -> 201218 | M32: =L32+'Cash Flow Statement'!L39 -> 201218 | N32: =M32+'Cash Flow Statement'!M39 -> 201218
C33: Lease liabilities | F33: 0 | G33: 0 | H33: 310647 | I33: 295547 | K33: =H33-'Cash Flow Statement'!J40+'Cash Flow Statement'!J55 -> 310647 | L33: =K33-'Cash Flow Statement'!K40+'Cash Flow Statement'!K55 -> 310647 | M33: =L33-'Cash Flow Statement'!L40+'Cash Flow Statement'!L55 -> 310647 | N33: =M33-'Cash Flow Statement'!M40+'Cash Flow Statement'!M55 -> 310647
C34: Retention payable | F34: 14816 | G34: 55160 | H34: 112843 | I34: 249105 | K34: =H34 -> 112843 | L34: =K34 -> 112843 | M34: =L34 -> 112843 | N34: =M34 -> 112843 | P34: ^ No change
C35: Non-current deposits | F35: 221308 | G35: 312853 | H35: 240064 | I35: 155730 | K35: =H35 -> 240064 | L35: =K35 -> 240064 | M35: =L35 -> 240064 | N35: =M35 -> 240064 | P35: ^ No change
C36: Total Non-current Liabilities | F36: =SUM(F31:F35) -> 763636 | G36: =SUM(G31:G35) -> 814100 | H36: =SUM(H31:H35) -> 873703 | I36: =SUM(I31:I35) -> 903924 | K36: =SUM(K31:K35) -> 873703 | L36: =SUM(L31:L35) -> 873703 | M36: =SUM(M31:M35) -> 873703 | N36: =SUM(N31:N35) -> 873703
B38: Current liabilities
C39: Creditors and accruals | F39: 17237224 | G39: 14827617 | H39: 19973302 | I39: 19570884 | K39: =H39+'Cash Flow Statement'!J22 -> 19637364 | L39: =K39+'Cash Flow Statement'!K22 -> 23006728 | M39: =L39+'Cash Flow Statement'!L22 -> 27290111 | N39: =M39+'Cash Flow Statement'!M22 -> 17484399
C40: Amounts due to joint ventures | F40: 66092 | G40: 59463 | H40: 41725 | I40: 1442 | K40: =H40+'Cash Flow Statement'!J23 -> 41725 | L40: =K40+'Cash Flow Statement'!K23 -> 41725 | M40: =L40+'Cash Flow Statement'!L23 -> 41725 | N40: =M40+'Cash Flow Statement'!M23 -> 41725
C41: Current portion of lease liabilities | F41: 0 | G41: 0 | H41: 49387 | I41: 46799 | K41: =H41 -> 49387 | L41: =K41 -> 49387 | M41: =L41 -> 49387 | N41: =M41 -> 49387 | P41: ^ No change
C42: Current portion of borrowings and short-term bank loans | F42: 9684884 | G42: 8803558 | H42: 544183 | I42: 6175434 | K42: =H42+'Cash Flow Statement'!J52+'Cash Flow Statement'!J53 -> 6170507 | L42: =K42+'Cash Flow Statement'!K52+'Cash Flow Statement'!K53 -> 4554154 | M42: =L42+'Cash Flow Statement'!L52+'Cash Flow Statement'!L53 -> 3368749 | N42: =M42+'Cash Flow Statement'!M52+'Cash Flow Statement'!M53 -> 368749
C43: Provision for tax | F43: 47253 | G43: 47893 | H43: 58993 | I43: 67808 | K43: =H43 -> 58993 | L43: =K43 -> 58993 | M43: =L43 -> 58993 | N43: =M43 -> 58993 | P43: ^ No change
C44: Total Current Liabilities | F44: =SUM(F39:F43) -> 27035453 | G44: =SUM(G39:G43) -> 23738531 | H44: =SUM(H39:H43) -> 20667590 | I44: =SUM(I39:I43) -> 25862367 | K44: =SUM(K39:K43) -> 25957976 | L44: =SUM(L39:L43) -> 27710987 | M44: =SUM(M39:M43) -> 30808965 | N44: =SUM(N39:N43) -> 18003253
B46: Equity
C47: Share capital and shares held for share award scheme | F47: 21468693 | G47: 22016854 | H47: 22433668 | I47: 22515346 | K47: =H47+'Cash Flow Statement'!J50+'Cash Flow Statement'!J51 -> 22433668 | L47: =K47+'Cash Flow Statement'!K50+'Cash Flow Statement'!K51 -> 22433668 | M47: =L47+'Cash Flow Statement'!L50+'Cash Flow Statement'!L51 -> 22433668 | N47: =M47+'Cash Flow Statement'!M50+'Cash Flow Statement'!M51 -> 22433668 | P47: ^ essentially no change
C48: Reserves | F48: 34013004 | G48: 40263405 | H48: 51153725 | I48: 43766104 | K48: =H48+'Cash Flow Statement'!J6+'Cash Flow Statement'!J7+'Cash Flow Statement'!J8+'Cash Flow Statement'!J11+'Cash Flow Statement'!J13+'Cash Flow Statement'!J14+'Cash Flow Statement'!J27+'Cash Flow Statement'!J28+'Cash Flow Statement'!J29+'Cash Flow Statement'!J43+'Cash Flow Statement'!J45+'Cash Flow Statement'!J46+'Cash Flow Statement'!J56+'Cash Flow Statement'!J57+'Cash Flow Statement'!J12+'Cash Flow Statement'!J62 -> 46838334 | L48: =K48+'Cash Flow Statement'!K6+'Cash Flow Statement'!K7+'Cash Flow Statement'!K8+'Cash Flow Statement'!K11+'Cash Flow Statement'!K13+'Cash Flow Statement'!K14+'Cash Flow Statement'!K27+'Cash Flow Statement'!K28+'Cash Flow Statement'!K29+'Cash Flow Statement'!K43+'Cash Flow Statement'!K45+'Cash Flow Statement'!K46+'Cash Flow Statement'!K56+'Cash Flow Statement'!K57+'Cash Flow Statement'!K12+'Cash Flow Statement'!K62 -> 41974939 | M48: =L48+'Cash Flow Statement'!L6+'Cash Flow Statement'!L7+'Cash Flow Statement'!L8+'Cash Flow Statement'!L11+'Cash Flow Statement'!L13+'Cash Flow Statement'!L14+'Cash Flow Statement'!L27+'Cash Flow Statement'!L28+'Cash Flow Statement'!L29+'Cash Flow Statement'!L43+'Cash Flow Statement'!L45+'Cash Flow Statement'!L46+'Cash Flow Statement'!L56+'Cash Flow Statement'!L57+'Cash Flow Statement'!L12+'Cash Flow Statement'!L62 -> 41258856 | N48: =M48+'Cash Flow Statement'!M6+'Cash Flow Statement'!M7+'Cash Flow Statement'!M8+'Cash Flow Statement'!M11+'Cash Flow Statement'!M13+'Cash Flow Statement'!M14+'Cash Flow Statement'!M27+'Cash Flow Statement'!M28+'Cash Flow Statement'!M29+'Cash Flow Statement'!M43+'Cash Flow Statement'!M45+'Cash Flow Statement'!M46+'Cash Flow Statement'!M56+'Cash Flow Statement'!M57+'Cash Flow Statement'!M12+'Cash Flow Statement'!M62 -> 51495805
C49: Equity attributable to owners of the Company | F49: =SUM(F47:F48) -> 55481697 | G49: =SUM(G47:G48) -> 62280259 | H49: =SUM(H47:H48) -> 73587393 | I49: =SUM(I47:I48) -> 66281450 | K49: =SUM(K47:K48) -> 69272002 | L49: =SUM(L47:L48) -> 64408607 | M49: =SUM(M47:M48) -> 63692524 | N49: =SUM(N47:N48) -> 73929473
C51: Non-controlling interests | F51: 533896 | G51: 550941 | H51: 567486 | I51: 612125 | K51: =H51+'Cash Flow Statement'!J55 -> 567486 | L51: =K51+'Cash Flow Statement'!K55 -> 567486 | M51: =L51+'Cash Flow Statement'!L55 -> 567486 | N51: =M51+'Cash Flow Statement'!M55 -> 567486
C52: Total Equity | F52: =F49+F51 -> 56015593 | G52: =G49+G51 -> 62831200 | H52: =H49+H51 -> 74154879 | I52: =I49+I51 -> 66893575 | K52: =K49+K51 -> 69839488 | L52: =L49+L51 -> 64976093 | M52: =M49+M51 -> 64260010 | N52: =N49+N51 -> 74496959
J54: Total Assets | K54: =K16+K28 -> 96671168 | L54: =L16+L28 -> 93560784 | M54: =M16+M28 -> 95942678 | N54: =N16+N28 -> 93373915
J55: Total Liab | K55: =K44+K36 -> 26831679 | L55: =L44+L36 -> 28584690 | M55: =M44+M36 -> 31682668 | N55: =N44+N36 -> 18876956
J56: Total Equity | K56: =K52 -> 69839488 | L56: =L52 -> 64976093 | M56: =M52 -> 64260010 | N56: =N52 -> 74496959
J57: Total Sum | K57: =K55+K56 -> 96671168 | L57: =L55+L56 -> 93560784 | M57: =M55+M56 -> 95942678 | N57: =N55+N56 -> 93373915
J59: Difference | K59: =K54-K57 -> 0 | L59: =L54-L57 -> 0 | M59: =M54-M57 -> 0 | N59: =N54-N57 -> 0
L60: =L59-K59 -> 0 | M60: =M59-L59 -> 0 | N60: =N59-M59 -> 0

Sheet Cash Flow Statement
F2: Historical
B3: Year ended 31st December | F3: 2017A | G3: 2018A | H3: 2019A | I3: 2020 - 1H | J3: 2020F | K3: 2021F | L3: 2022F | M3: 2023F
E4: HK$’000
B5: Cash flows from operating activities
A6: X | C6: Profit before taxation | H6: ='Income Statement'!G35 -> 13283819 | J6: ='Income Statement'!K35 -> -5352864.4 | K6: ='Income Statement'!L35 -> -5570188.6 | L6: ='Income Statement'!M35 -> 436525.16 | M6: ='Income Statement'!N35 -> 11211730 | O6: Reserves
A7: X | C7: Finance costs | H7: ='Income Statement'!G29 -> -129326 | J7: ='Income Statement'!K29 -> -167867.25 | K7: ='Income Statement'!L29 -> -268116.53 | L7: ='Income Statement'!M29 -> -198072.58 | M7: ='Income Statement'!N29 -> -93437.45 | O7: Reserves
A8: X | C8: Share of profits less losses of joint ventures and associated companies | H8: =('Income Statement'!G32+'Income Statement'!G33) -> 532155 | J8: ='Income Statement'!K32+'Income Statement'!K33 -> 399842 | K8: ='Income Statement'!L32+'Income Statement'!L33 -> 390948 | L8: ='Income Statement'!M32+'Income Statement'!M33 -> 427641.25 | M8: ='Income Statement'!N32+'Income Statement'!N33 -> 437646.56 | O8: Reserves
A9: X | C9: Depreciation and amortisation | H9: ='Income Statement'!G26 -> -3456596 | J9: ='Income Statement'!K26 -> -3195006 | K9: ='Income Statement'!L26 -> -3498428.4 | L9: ='Income Statement'!M26 -> -3489357.8 | M9: ='Income Statement'!N26 -> -3541536.6 | P9: ^ Can be relinked to the D&A table
C10: Other income/gains, net | G10: ='Income Statement'!F13 -> 1146210 | H10: ='Income Statement'!G13 -> 1113294 | J10: =SUM(J11:J12) -> 896482.81 | K10: ='Income Statement'!L13 -> 869928.7 | L10: ='Income Statement'!M13 -> 848895.25 | M10: ='Income Statement'!N13 -> 841782.96 | P10: ^ Assumes FX changes 0 and encompasses everything else
A11: X | D11: Bank deposits | J11: ='Income Statement'!K14 -> 96482.807 | K11: ='Income Statement'!L14 -> 69928.702 | L11: ='Income Statement'!M14 -> 48895.25 | M11: ='Income Statement'!N14 -> 41782.961 | O11: Reserves
A12: X | D12: Financial assets at amortised cost | J12: ='Income Statement'!K15 -> 800000 | K12: ='Income Statement'!L15 -> 800000 | L12: ='Income Statement'!M15 -> 800000 | M12: ='Income Statement'!N15 -> 800000 | O12: Reserves
A13: X | D13: Foreign exchange (loss)/gain | H13: 227025 | J13: ='Income Statement'!K22 -> 0 | K13: 0 | L13: 0 | M13: 0 | O13: Reserves | P13: ^ Assume no changes
A14: X | D14: Others | H14: -45221 | J14: ='Income Statement'!K23 -> 0 | K14: 0 | L14: 0 | M14: 0 | O14: Reserves | P14: ^ Assume no changes
A15: X | C15: Fair value of share options granted | G15: 114457 | H15: -166314 | J15: 0 | K15: 0 | L15: 0 | M15: 0 | P15: ^ Assume no changes
A16: X | C16: Fair value of share awards granted | G16: 94796 | H16: -109077 | J16: 0 | K16: 0 | L16: 0 | M16: 0 | P16: ^ Assume no changes
C17: Operating profit before working capital changes | F17: 13671531 | G17: 15820738 | H17: =H6-SUM(H7:H16) -> 15317879 | J17: =J6+J7+J8-J9+J10-SUM(J13:J16) -> -1029400.9 | K17: =K6+K7+K8-K9+K10-SUM(K13:K16) -> -1079000 | L17: =L6+L7+L8-L9+L10-SUM(L13:L16) -> 5004346.9 | M17: =M6+M7+M8-M9+M10-SUM(M13:M16) -> 15939259
C19: Working Capital Changes
A20: X | C20: Decrease/(increase) in inventories | F20: -9807 | G20: -18356 | H20: 11965 | J20: ='Operating Working Capital'!H6-'Operating Working Capital'!J6 -> -6501.5 | K20: ='Operating Working Capital'!J6-'Operating Working Capital'!K6 -> -36404.814 | L20: ='Operating Working Capital'!K6-'Operating Working Capital'!L6 -> -61275.289 | M20: ='Operating Working Capital'!L6-'Operating Working Capital'!M6 -> 83286.672
A21: X | C21: (Increase)/decrease in debtors and prepayments | F21: -325885 | G21: 162033 | H21: -271938 | J21: ='Operating Working Capital'!H10-'Operating Working Capital'!J10 -> 131092 | K21: ='Operating Working Capital'!J10-'Operating Working Capital'!K10 -> -290781.05 | L21: ='Operating Working Capital'!K10-'Operating Working Capital'!L10 -> -786797.41 | M21: ='Operating Working Capital'!L10-'Operating Working Capital'!M10 -> 827859.93
A22: X | C22: Increase/(decrease) in creditors and accruals | F22: 5305941 | G22: -1918282 | H22: 4620498 | J22: ='Operating Working Capital'!J14-'Operating Working Capital'!H14 -> -335937.56 | K22: ='Operating Working Capital'!K14-'Operating Working Capital'!J14 -> 3369364 | L22: ='Operating Working Capital'!L14-'Operating Working Capital'!K14 -> 4283382.5 | M22: ='Operating Working Capital'!M14-'Operating Working Capital'!L14 -> -9805711.9
A23: X | C23: Decrease in amounts due to joint ventures | F23: -417 | G23: -2226 | H23: -5826 | J23: 0 | K23: 0 | L23: 0 | M23: 0 | P23: ^ Assume no changes
A24: X | C24: Decrease in amounts due from joint ventures | F24: 96175 | G24: 7858 | H24: 29687 | J24: 0 | K24: 0 | L24: 0 | M24: 0 | P24: ^ Assume no changes
C25: Cash generated from operations | F25: =F17+SUM(F20:F24) -> 18737538 | G25: =G17+SUM(G20:G24) -> 14051765 | H25: =H17+SUM(H20:H24) -> 19702265 | J25: =J17+SUM(J20:J24) -> -1240747.9 | K25: =K17+SUM(K20:K24) -> 1963178.2 | L25: =L17+SUM(L20:L24) -> 8439656.7 | M25: =M17+SUM(M20:M24) -> 7044693.5
A27: X | C27: Hong Kong profits tax paid | F27: -35121 | G27: -55565 | H27: -25058 | J27: 0 | K27: 0 | L27: 0 | M27: 0 | O27: Reserves | P27: ^ Assumption it doesn’t move
A28: X | C28: Mainland China tax and Macau complementary tax paid | F28: -59259 | G28: -72575 | H28: -115646 | J28: =-'Income Statement'!K36 -> -146119.38 | K28: =-'Income Statement'!L36 -> -257256.87 | L28: =-'Income Statement'!M36 -> -200915.13 | M28: =-'Income Statement'!N36 -> -245503.53 | O28: Reserves | P28: ^ Assumption it doesn’t move
A29: X | C29: Interest paid | F29: -123438 | G29: -139910 | H29: -119292 | J29: =-'Debt Schedule'!I29 -> -167867.25 | K29: =-'Debt Schedule'!J29 -> -268116.53 | L29: =-'Debt Schedule'!K29 -> -198072.58 | M29: =-'Debt Schedule'!L29 -> -93437.45 | O29: Reserves
C30: Net cash from operating activities | F30: =SUM(F25:F29) -> 18519720 | G30: =SUM(G25:G29) -> 13783715 | H30: =SUM(H25:H29) -> 19442269 | J30: =SUM(J25:J29) -> -1554734.6 | K30: =SUM(K25:K29) -> 1437804.8 | L30: =SUM(L25:L29) -> 8040669 | M30: =SUM(M25:M29) -> 6705752.5
B32: Cash flows from investing activities
A33: X | C33: Purchase of property, plant and equipment | F33: -2008270 | G33: -3008737 | H33: -4118390 | I33: -2506168 | J33: =Depreciation!H6 -> -4000000 | K33: =Depreciation!I6 -> -4000000 | L33: =Depreciation!J6 -> -4000000 | M33: =Depreciation!K6 -> -4000000
A34: X | C34: Addition to leasehold land | F34: -221 | G34: 0 | H34: 0 | I34: 0 | J34: 0 | K34: 0 | L34: 0 | M34: 0 | P34: ^ Assume no changes
A35: X | C35: Purchase of intangible assets | F35: -13506 | G35: -24309 | H35: -53268 | I35: -17899 | J35: 0 | K35: 0 | L35: 0 | M35: 0 | P35: ^ Assume no changes
A36: X | C36: Proceeds from disposal of property, plant and equipment | F36: 9668 | G36: 50902 | H36: 2483 | I36: 3413 | J36: 0 | K36: 0 | L36: 0 | M36: 0 | P36: ^ Assume no changes
A37: X | C37: (Increase)/decrease in advances to joint ventures | F37: 40662 | G37: 15848 | H37: -24497 | I37: -21669 | J37: 0 | K37: 0 | L37: 0 | M37: 0 | P37: ^ Assume no changes
A38: X | C38: Increase in deferred expenditure | F38: 0 | G38: 0 | H38: 0 | I38: -1248 | J38: 0 | K38: 0 | L38: 0 | M38: 0 | P38: ^ Assume no changes
A39: deferred tax liabilities | C39: Decrease/(increase) in deferred receivable | F39: 18675 | G39: -4400 | H39: 2492 | I39: 2019 | J39: 0 | K39: 0 | L39: 0 | M39: 0 | P39: ^ Assume no changes
A40: lease liabilities | C40: Decrease/(increase) in finance lease receivable | F40: 7888 | G40: -4081 | H40: 25099 | I40: 9431 | J40: 0 | K40: 0 | L40: 0 | M40: 0 | P40: ^ Assume no changes
A41: X | C41: Purchase of financial assets | F41: -23481720 | G41: -11001458 | H41: -2951404 | I41: -990517 | J41: 0 | K41: 0 | L41: 0 | M41: 0 | P41: ^ Assume no changes
A42: X | C42: Proceeds from redemption/disposal of financial assets | F42: 2409078 | G42: 362030 | H42: 2766000 | I42: 3110881 | J42: 0 | K42: 0 | L42: 0 | M42: 0 | P42: ^ Assume no changes
A43: X | C43: Interest received | F43: 532610 | G43: 964551 | H43: 1189168 | I43: 542933 | J43: ='Debt Schedule'!I32 -> 96482.807 | K43: ='Debt Schedule'!J32 -> 69928.702 | L43: ='Debt Schedule'!K32 -> 48895.25 | M43: ='Debt Schedule'!L32 -> 41782.961 | O43: Reserves
A44: X | D44: Increase in short-term pledged deposits and bank deposits with maturity over three months | F44: 11276573 | G44: 1155709 | H44: -12142102 | I44: 3865068 | J44: 0 | K44: 0 | L44: 0 | M44: 0 | P44: * Huge assumptions made here on converting deposits to cash
A45: X | C45: Dividends received from joint ventures | F45: 89392 | G45: 186438 | H45: 300711 | I45: 277955 | J45: 200000 | K45: 200000 | L45: 200000 | M45: 200000 | P45: Assume 200,000
A46: X | C46: Dividends received from listed and unlisted investments | F46: 2650 | G46: 69130 | H46: 119053 | I46: 30725 | J46: ='Income Statement'!K18+'Income Statement'!K19 -> 0 | K46: ='Income Statement'!L18+'Income Statement'!L19 -> 0 | L46: ='Income Statement'!M18+'Income Statement'!M19 -> 0 | M46: ='Income Statement'!N18+'Income Statement'!N19 -> 0 | P46: ^ Huge bearish case. Assume no changes
C47: Net cash used in investing activities | F47: =SUM(F33:F46) -> -11116521 | G47: =SUM(G33:G46) -> -11238377 | H47: =SUM(H33:H46) -> -14884655 | I47: =SUM(I33:I46) -> 4304924 | J47: =SUM(J33:J46) -> -3703517.2 | K47: =SUM(K33:K46) -> -3730071.3 | L47: =SUM(L33:L46) -> -3751104.7 | M47: =SUM(M33:M46) -> -3758217
B49: Cash flows from financing activities
A50: X - care | C50: Issue of new shares | F50: 348459 | G50: 381552 | H50: 264110 | I50: 62683 | J50: 0 | K50: 0 | L50: 0 | M50: 0 | P50: ^ Assume no changes
A51: X - care | C51: Shares repurchased by the trustee | F51: -18408 | G51: -23118 | H51: -39589 | I51: 0 | J51: 0 | K51: 0 | L51: 0 | M51: 0 | P51: ^ Assume no changes
A52: X | C52: New bank loans | F52: 8327254 | G52: 7764377 | H52: 1500000 | I52: 7185405 | J52: ='Debt Schedule'!I14 -> 7185405 | K52: ='Debt Schedule'!J14 -> 3000000 | L52: ='Debt Schedule'!K14 -> 6000000 | M52: ='Debt Schedule'!L14 -> 0
A53: X | C53: Repayment of bank loans | F53: -4612571 | G53: -8628123 | H53: -9764082 | I53: -1559081 | J53: ='Debt Schedule'!I13 -> -1559081 | K53: ='Debt Schedule'!J13 -> -4616353 | L53: ='Debt Schedule'!K13 -> -7185405 | M53: ='Debt Schedule'!L13 -> -3000000
A54: X | C54: Principal elements of lease payments | F54: -16002 | G54: 0 | H54: -42511 | I54: -24194 | J54: 0 | K54: 0 | L54: 0 | M54: 0 | P54: ^ Assume no changes
A55: X | C55: Injection of capital from non-controlling interests | F55: 0 | G55: 0 | H55: 3350 | I55: 0 | J55: 0 | K55: 0 | L55: 0 | M55: 0 | P55: ^ Assume no changes
A56: X | C56: Dividends paid to non-controlling interests | F56: -22749 | G56: -26425 | H56: -66153 | I56: -5000 | J56: 0 | K56: 0 | L56: 0 | M56: 0 | O56: Reserves | P56: ^ Assume no changes
A57: X | C57: Dividends paid to shareholders | F57: -2525589 | G57: -3929932 | H57: -3940159 | I57: -1950596 | J57: 0 | K57: 0 | L57: -2000000 | M57: -2000000 | O57: Reserves | P57: ^ Huge bearish case. Assume no changes. Dividend resumes in 2022.
C58: Net cash used in financing activities | F58: =SUM(F50:F57) -> 1480394 | G58: =SUM(G50:G57) -> -4461669 | H58: =SUM(H50:H57) -> -12085034 | I58: =SUM(I50:I57) -> 3709217 | J58: =SUM(J50:J57) -> 5626324 | K58: =SUM(K50:K57) -> -1616353 | L58: =SUM(L50:L57) -> -3185405 | M58: =SUM(M50:M57) -> -5000000
B60: Net decrease in cash and cash equivalents | F60: =F30+F47+F58 -> 8883593 | G60: =G30+G47+G58 -> -1916331 | H60: =H30+H47+H58 -> -7527420 | J60: =J30+J47+J58 -> 368072.23 | K60: =K30+K47+K58 -> -3908619.5 | L60: =L30+L47+L58 -> 1104159.3 | M60: =M30+M47+M58 -> -2052464.5
B61: Cash and cash equivalents at beginning of year | F61: 6803466 | G61: =F64 -> 15702430 | H61: =G64 -> 13778102 | J61: =H64 -> 6248151 | K61: =J64 -> 6542743.2 | L61: =K64 -> 2603602 | M61: =L64 -> 3626781.3
A62: NOT LINKED | B62: Translation differences | F62: 15371 | G62: -7997 | H62: -2531 | J62: ='Income Statement'!K44+'Income Statement'!K45 -> -73480 | K62: ='Income Statement'!L44+'Income Statement'!L45 -> -30521.75 | L62: ='Income Statement'!M44+'Income Statement'!M45 -> -80979.938 | M62: ='Income Statement'!N44+'Income Statement'!N45 -> -63615.422 | P62: ^ Assume no changes
B64: Cash and cash equivalents at end of year | F64: =F60+F61+F62 -> 15702430 | G64: =G60+G61+G62 -> 13778102 | H64: =H60+H61+H62 -> 6248151 | J64: =J60+J61+J62 -> 6542743.2 | K64: =K60+K61+K62 -> 2603602 | L64: =L60+L61+L62 -> 3626781.3 | M64: =M60+M61+M62 -> 1510701.3
C65: *Does not include short-term bank deposits
B67: Supplementary data
C68: Cash flow before debt paydown | J68: =J30+J47+SUM(J50:J51)+SUM(J54:J57) -> -5258251.8 | K68: =K30+K47+SUM(K50:K51)+SUM(K54:K57) -> -2292266.5 | L68: =L30+L47+SUM(L50:L51)+SUM(L54:L57) -> 2289564.3 | M68: =M30+M47+SUM(M50:M51)+SUM(M54:M57) -> 947535.47

Sheet Operating Working Capital
F2: Historical | J2: Projection period
F3: 2017A | G3: 2018A | H3: 2019A | I3: 2020 - 1H | J3: 2020F | K3: 2021F | L3: 2022F | M3: 2023F
E4: HK$’000
B5: Current assets
B6: 1 | C6: Inventories | F6: ='Balance Sheet'!F19 -> 171443 | G6: ='Balance Sheet'!G19 -> 189799 | H6: ='Balance Sheet'!H19 -> 177834 | I6: ='Balance Sheet'!I19 -> 190837 | J6: =J7*-J18/360 -> 184335.5 | K6: =K7*-K18/360 -> 220740.31 | L6: =L7*-L18/360 -> 282015.6 | M6: =M7*-M18/360 -> 198728.93
D7: Inventory turnover days | G7: =AVERAGE(F6:G6)*360/-G18 -> 54.222041 | H7: =AVERAGE(G6:H6)*360/-H18 -> 60.876302 | I7: =I8/2 -> 66.239562 | J7: =I7 -> 66.239562 | K7: =AVERAGE(G7:I7) -> 60.445968 | L7: =AVERAGE(K7,J7,H7) -> 62.52061 | M7: =AVERAGE(L7,K7,J7) -> 63.068713 | O7: ^ average of past few years
I8: =AVERAGE(H6:I6)*360/-I18 -> 132.47912
B10: 2 | C10: Debtors and prepayments | F10: ='Balance Sheet'!F20 -> 1961509 | G10: ='Balance Sheet'!G20 -> 1860409 | H10: ='Balance Sheet'!H20 -> 2145046 | I10: ='Balance Sheet'!I20 -> 1882862 | J10: =J11*J19/360 -> 2013954 | K10: =K11*K19/360 -> 2304735 | L10: =L11*L19/360 -> 3091532.5 | M10: =M11*M19/360 -> 2263672.5 | O10: mainly arise from the sales of construction materials and mall operations
D11: Days receivable | G11: =AVERAGE(F10:G10)*360/G19 -> 53.505187 | H11: =AVERAGE(G10:H10)*360/H19 -> 55.02256 | I11: =I12/2 -> 71.790072 | J11: =I11 -> 71.790072 | K11: =AVERAGE(G11:I11) -> 60.10594 | L11: =AVERAGE(K11,J11,H11) -> 62.30619 | M11: =AVERAGE(L11,K11,J11) -> 64.734067 | O11: ^ average of past few years
I12: =AVERAGE(H10:I10)*360/I19 -> 143.58014
B13: Current liabilities
B14: 3 | C14: Creditors and accruals | F14: ='Balance Sheet'!F39 -> 17237224 | G14: ='Balance Sheet'!G39 -> 14827617 | H14: ='Balance Sheet'!H39 -> 19973302 | I14: ='Balance Sheet'!I39 -> 19570884 | J14: =J15*J19/360 -> 19637364 | K14: =K15*K19/360 -> 23006728 | L14: =L15*L19/360 -> 27290111 | M14: =M15*M19/360 -> 17484399
D15: Days payable | G15: =AVERAGE(F14:G14)*360/G19 -> 448.8938 | H15: =AVERAGE(G14:H14)*360/H19 -> 478.05696 | I15: =I16/2 -> 704.80258 | J15: 700 | K15: 600 | L15: 550 | M15: 500 | O15: Manual Step Down
I16: =AVERAGE(H14:I14)*360/I19 -> 1409.6052
B17: From Income Statement
B18: COGS | F18: ='Income Statement'!E25 -> -1261578 | G18: ='Income Statement'!F25 -> -1199209 | H18: ='Income Statement'!G25 -> -1087023 | I18: ='Income Statement'!I25 -> -500915 | J18: ='Income Statement'!K25 -> -1001830 | K18: ='Income Statement'!L25 -> -1314670.2 | L18: ='Income Statement'!M25 -> -1623874.4 | M18: ='Income Statement'!N25 -> -1134356.7
B19: Operating Expenses + Employee expenses | F19: =-'Income Statement'!E27-'Income Statement'!E28 -> 12179824 | G19: =-'Income Statement'!F27-'Income Statement'!F28 -> 12857543 | H19: =-'Income Statement'!G27-'Income Statement'!G28 -> 13103387 | I19: =-'Income Statement'!I27-'Income Statement'!I28 -> 5049608 | J19: =-'Income Statement'!K27-'Income Statement'!K28 -> 10099216 | K19: =-'Income Statement'!L27-'Income Statement'!L28 -> 13804037 | L19: =-'Income Statement'!M27-'Income Statement'!M28 -> 17862618 | M19: =-'Income Statement'!N27-'Income Statement'!N28 -> 12588767
B21: Total "operating working capital" | F21: =F6+F10-F14 -> -15104272 | G21: =G6+G10-G14 -> -12777409 | H21: =H6+H10-H14 -> -17650422 | J21: =J6+J10-J14 -> -17439075 | K21: =K6+K10-K14 -> -20481253 | L21: =L6+L10-L14 -> -23916563 | M21: =M6+M10-M14 -> -15021998
B22: Change in total operating working capital | G22: =G21-F21 -> 2326863 | H22: =H21-G21 -> -4873013 | J22: =J21-H21 -> 211347.06 | K22: =K21-J21 -> -3042178.2 | L22: =L21-K21 -> -3435309.8 | M22: =M21-L21 -> 8894565.3

Sheet Depreciation
D2: Historical | H2: Projection Period | N2: * Assume
B3: Year ended 31st December | D3: 2017A | E3: 2018A | F3: 2019A | G3: 2020 - 1H | H3: 2020F | I3: 2021F | J3: 2022F | K3: 2023F | N3: CAPEX at 4,000,000 moving forward. High due to Cotai expansion, but not as high due to COVID
C4: HK$’000 | N4: This tapers down to 8% of CAPEX as % of Rev
B5: Revenue | D5: ='Income Statement'!E11 -> 48639742 | E5: ='Income Statement'!F11 -> 55210901 | F5: ='Income Statement'!G11 -> 51901991 | G5: ='Income Statement'!I11 -> 6222665 | H5: ='Income Statement'!K11 -> 12445330 | I5: ='Income Statement'!L11 -> 21911170 | J5: ='Income Statement'!M11 -> 40596859 | K5: ='Income Statement'!N11 -> 49606379 | N5: Depre assume as a % of last year's PPE
B6: Capital Expenditures | D6: ='Cash Flow Statement'!F33 -> -2008270 | E6: ='Cash Flow Statement'!G33 -> -3008737 | F6: ='Cash Flow Statement'!H33 -> -4118390 | G6: ='Cash Flow Statement'!I33 -> -2506168 | H6: =-H16 -> -4000000 | I6: =-I16 -> -4000000 | J6: =-J16 -> -4000000 | K6: =-K16 -> -4000000
B7: Capital Expenditures as a % of Revenue | D7: =-D6/D5 -> 0.041288665 | E7: =-E6/E5 -> 0.054495343 | F7: =-F6/F5 -> 0.079349364 | G7: =-G6/G5 -> 0.40274834 | H7: =-H6/H5 -> 0.3214057 | I7: =-I6/I5 -> 0.18255529 | J7: =-J6/J5 -> 0.098529789 | K7: =-K6/K5 -> 0.080634791
B8: Depreciation | D8: ='Income Statement'!E26 -> -3348665 | E8: ='Income Statement'!F26 -> -3315913 | F8: ='Income Statement'!G26 -> -3456596 | G8: ='Income Statement'!I26 -> -1597503 | H8: =-F9*H11 -> -3195006 | I8: =-G9*I11 -> -3498428.4 | J8: =-H9*J11 -> -3489357.8 | K8: =-I9*K11 -> -3541536.6
B9: Property, plant and equipment | D9: ='Balance Sheet'!F6 -> 31801690 | E9: ='Balance Sheet'!G6 -> 31359096 | F9: ='Balance Sheet'!H6 -> 32736635 | G9: ='Balance Sheet'!I6 -> 33628821 | H9: =F9+H16+H8 -> 33541629 | I9: =H9+I16+I8 -> 34043201 | J9: =I9+J16+J8 -> 34553843 | K9: =J9+K16+K8 -> 35012306
B10: Depreciaiton as a % of Total Revenue | D10: =-D8/D5 -> 0.068846274 | E10: =-E8/E5 -> 0.060059027 | F10: =-F8/F5 -> 0.066598524 | G10: =-G8/G5 -> 0.25672328 | H10: =-H8/H5 -> 0.25672328 | I10: =-I8/I5 -> 0.15966416 | J10: =-J8/J5 -> 0.085951422 | K10: =-K8/K5 -> 0.071392767 | M10: It is estimated that there will be an increase in depreciation expenses of HK$31.6 million for FY2019 | N10: ^ Check
B11: Depreciaiton as a % of Last Year's PPE | E11: =-E8/D9 -> 0.10426845 | F11: =-F8/E9 -> 0.11022626 | G11: =-G8/F9 -> 0.048798632 | H11: =G11*2 -> 0.097597264 | I11: =AVERAGE(E11,F11,H11) -> 0.10403066 | J11: =I11 -> 0.10403066 | K11: =J11 -> 0.10403066 | N11: Assume around 10+% using past years average
B13: Expected PPE
B14: Total Expected CAPEX | H14: 4000000 | I14: 4000000 | J14: 4000000 | K14: 4000000 | M14: Expand the restaurant network, uplift the existing restaurants, as well as enhance and expand the Food Factories | N14: ^ Assume CAPEX of 4,000,000 moving forward
B15: Projected CAPEX as a % of Projected Revenue | H15: =H14/H5 -> 0.3214057 | I15: =I14/I5 -> 0.18255529 | J15: =J14/J5 -> 0.098529789 | K15: =K14/K5 -> 0.080634791
B16: Total Expected CAPEX | H16: =H14 -> 4000000 | I16: =I14 -> 4000000 | J16: =J14 -> 4000000 | K16: =K14 -> 4000000

Sheet Debt Schedule
E2: Historical | I2: Projection Period
B3: Year ended 31st December | E3: 2017A | F3: 2018A | G3: 2019A | H3: 2020 - 1H | I3: 2020F | J3: 2021F | K3: 2022F | L3: 2023F
B5: Cash available to pay down debt
C6: Cash at beginning of year | I6: =G31 -> 6248151 | J6: =I31 -> 6616223.2 | K6: =J31 -> 2707603.7 | L6: =K31 -> 3811763
C7: Cash flow before debt paydown | I7: ='Cash Flow Statement'!J68 -> -5258251.8 | J7: ='Cash Flow Statement'!K68 -> -2292266.5 | K7: ='Cash Flow Statement'!L68 -> 2289564.3 | L7: ='Cash Flow Statement'!M68 -> 947535.47
C8: Minimum cash cushion | I8: 0 | J8: 0 | K8: 0 | L8: 0
C9: Total cash available to pay down debt | I9: =SUM(I6:I8) -> 989899.23 | J9: =SUM(J6:J8) -> 4323956.7 | K9: =SUM(K6:K8) -> 4997168 | L9: =SUM(L6:L8) -> 4759298.5
N10: * For 2017 and 2018, Co had around 9 to 10 mil in debt, 250k being long term
B11: Short term borrowings / revolver | N11: * At the end of 2019 however only ST debt 550k
C12: Short term borrowings (beginning of year) | I12: =G15 -> 544183 | J12: =I15 -> 6170507 | K12: =J15 -> 4554154 | L12: =K15 -> 3368749 | N12: * 6mil short term debt for 2020F
C13: Mandatory issuances / (retirements) | I13: -1559081 | J13: =-6175434+1559081 -> -4616353 | K13: -7185405 | L13: -3000000 | N13: * assume need 3 mil in 2021 and 2022
C14: Non-mandatory issuances / (retirements) | I14: 7185405 | J14: 3000000 | K14: 6000000 | L14: 0 | N14: * Reach back 1 million in 2019 (close to the 550l in end 2019)
C15: Short term borrowings (end of year) | G15: ='Balance Sheet'!H42 -> 544183 | I15: =SUM(I12:I14) -> 6170507 | J15: =SUM(J12:J14) -> 4554154 | K15: =SUM(K12:K14) -> 3368749 | L15: =SUM(L12:L14) -> 368749
C16: Short term interest expense | I16: =AVERAGE(I12,I15)*I17 -> 167867.25 | J16: =AVERAGE(J12,J15)*J17 -> 268116.53 | K16: =AVERAGE(K12,K15)*K17 -> 198072.58 | L16: =AVERAGE(L12,L15)*L17 -> 93437.45
D17: Short term interest rate | I17: 0.05 | J17: 0.05 | K17: 0.05 | L17: 0.05
B19: Long term borrowings / revolver
C20: Long term borrowings (beginning of year) | I20: =H23 -> 0 | J20: =I23 -> 0 | K20: =J23 -> 0 | L20: =K23 -> 0
C21: Mandatory issuances / (retirements) | I21: 0 | J21: 0 | K21: 0 | L21: 0
C22: Non-mandatory issuances / (retirements) | I22: 0 | J22: 0 | K22: 0 | L22: 0
C23: Long term borrowings (end of year) | H23: ='Balance Sheet'!I31 -> 0 | I23: =SUM(I20:I22) -> 0 | J23: =SUM(J20:J22) -> 0 | K23: =SUM(K20:K22) -> 0 | L23: =SUM(L20:L22) -> 0
C24: Long term interest expense | I24: =AVERAGE(I20,I23)*I25 -> 0 | J24: =AVERAGE(J20,J23)*J25 -> 0 | K24: =AVERAGE(K20,K23)*K25 -> 0 | L24: =AVERAGE(L20,L23)*L25 -> 0
D25: Long term interest rate | I25: 0.05 | J25: 0.05 | K25: 0.05 | L25: 0.05
C27: Total issuances / (retirements) | I27: =SUM(I13:I14)+SUM(I21:I22) -> 5626324 | J27: =SUM(J13:J14)+SUM(J21:J22) -> -1616353 | K27: =SUM(K13:K14)+SUM(K21:K22) -> -1185405 | L27: =SUM(L13:L14)+SUM(L21:L22) -> -3000000
C29: Total interest expense | I29: =I16+I24 -> 167867.25 | J29: =J16+J24 -> 268116.53 | K29: =K16+K24 -> 198072.58 | L29: =L16+L24 -> 93437.45
C31: Cash at the end of the year | G31: ='Balance Sheet'!H25 -> 6248151 | I31: =I6+I7+I27 -> 6616223.2 | J31: =J6+J7+J27 -> 2707603.7 | K31: =K6+K7+K27 -> 3811763 | L31: =L6+L7+L27 -> 1759298.5
C32: Interest income | I32: =AVERAGE(I6,I31)*I33 -> 96482.807 | J32: =AVERAGE(J6,J31)*J33 -> 69928.702 | K32: =AVERAGE(K6,K31)*K33 -> 48895.25 | L32: =AVERAGE(L6,L31)*L33 -> 41782.961
D33: Interest rate | I33: 0.015 | J33: 0.015 | K33: 0.015 | L33: 0.015
E35: HK$’000 | F35: 2020 - 1H | G35: 2019 | H35: 2018 | I35: 2017
D36: Interest income from Bank Deposits | F36: 248211 | G36: 355393 | H36: 146126
D37: Cash and cash equivalents and other bank deposits | F37: 16988524 | G37: 14646088 | H37: 14504823 | K37: AVERAGE
D38: Interest Rate | F38: =F36/F37 -> 0.01461051 | G38: =G36/G37 -> 0.024265387 | H38: =H36/H37 -> 0.010074304 | K38: =AVERAGE(F38:H38) -> 0.016316734
M39: (?)
D40: Interest expense from Bank loans and overdrafts | F40: 35608 | G40: 104982 | H40: 137105 | M40: Note in 2019 effective interest rates on balance sheet were 5.0% for RMB.
D41: Borrowings and short term bank loans | F41: =6175434 -> 6175434 | G41: =8931+544183 -> 553114 | H41: =251392+8803558 -> 9054950 | M41: Back then the 1 year yield was around 2.5%.
D42: Interest Rate | F42: =F40/F41 -> 0.0057660725 | G42: =G40/G41 -> 0.18980174 | H42: =H40/H41 -> 0.015141442 | M42: The current 1 year RMB yield curve is 2.71%.
M43: If we add on a 2.5% spread, we get around 5.0%
D44: Interest expense from Bank loans and overdrafts | F44: 35608 | G44: 104982 | H44: 137105
D45: Borrowings and short term bank loans | F45: =6175434 -> 6175434 | G45: =8931+544183 -> 553114 | H45: =251392+8803558 -> 9054950 | I45: =9684884+259392 -> 9944276 | K45: AVERAGE
D46: Interest Rate | F46: =F44/(AVERAGE(F45:G45)) -> 0.010584156 | G46: =G44/(AVERAGE(G45:H45)) -> 0.021852894 | H46: =H44/(AVERAGE(H45:I45)) -> 0.014432693 | K46: =AVERAGE(F46:H46) -> 0.015623248

Sheet DCF
D2: Historical | G2: Projection Period
B3: Year ended 31st December | D3: 2017A | E3: 2018A | F3: 2019A | G3: 2020F | H3: 2021F | I3: 2022F | J3: 2023F
B5: Unlevered Free Cash Flow
B6: EBIT | G6: ='Income Statement'!K39 -> -5281480 | H6: ='Income Statement'!L39 -> -5372000.8 | I6: ='Income Statement'!M39 -> 585702.49 | J6: ='Income Statement'!N39 -> 11263385
B7: Depreciation & Amortization | G7: =-'Income Statement'!K26 -> 3195006 | H7: =-'Income Statement'!L26 -> 3498428.4 | I7: =-'Income Statement'!M26 -> 3489357.8 | J7: =-'Income Statement'!N26 -> 3541536.6
B8: Deferred Taxes
B9: Other
B10: Changes in Working Capital | G10: ='Operating Working Capital'!J22 -> 211347.06 | H10: ='Operating Working Capital'!K22 -> -3042178.2 | I10: ='Operating Working Capital'!L22 -> -3435309.8 | J10: ='Operating Working Capital'!M22 -> 8894565.3
B11: Capital Expenditures | G11: ='Cash Flow Statement'!J33 -> -4000000 | H11: ='Cash Flow Statement'!K33 -> -4000000 | I11: ='Cash Flow Statement'!L33 -> -4000000 | J11: ='Cash Flow Statement'!M33 -> -4000000
B12: Taxes | G12: ='Cash Flow Statement'!J27+'Cash Flow Statement'!J28 -> -146119.38 | H12: ='Cash Flow Statement'!K27+'Cash Flow Statement'!K28 -> -257256.87 | I12: ='Cash Flow Statement'!L27+'Cash Flow Statement'!L28 -> -200915.13 | J12: ='Cash Flow Statement'!M27+'Cash Flow Statement'!M28 -> -245503.53
B13: Total Unlevered Free Cash Flow | G13: =SUM(G6:G12) -> -6021246.3 | H13: =SUM(H6:H12) -> -9173007.4 | I13: =SUM(I6:I12) -> -3561164.7 | J13: =SUM(J6:J12) -> 19453983
B15: Net Present Value Calulation
B16: Period | G16: 1 | H16: 2 | I16: 3 | J16: 4
B17: Discounted Cash Flow | F17: =L28 -> 0.18764966 | G17: =G13/(1+$F$17)^G16 -> -5069884.3 | H17: =H13/(1+$F$17)^H16 -> -6503318.9 | I17: =I13/(1+$F$17)^I16 -> -2125822.6 | J17: =J13/(1+$F$17)^J16 -> 9778115.1
B18: Total Net Present Value | G18: =SUM(G17:J17) -> -3920910.7
B20: Terminal Value
B21: EBITDA Method | J21: Cost of Capital
C22: Exit Year EBITDA | F22: =J6+J7 -> 14804921 | J22: Risk Free Rate | L22: 0.0055 | M22: Debt YE 2019 | O22: ='Balance Sheet'!H31+'Balance Sheet'!H42 -> 553114 | P22: add another '000
C23: LTM Multiple | F23: =(O22*1000+O25-'Balance Sheet'!H25*1000)/(('Income Statement'!G40-'Income Statement'!H40+'Income Statement'!I40)*1000) -> 31.723575 | G23: Debt + Equity Value + NCI - Cash | J23: Market Risk Premium | L23: 0.09 | M23: Stock Price | O23: 54.05
C24: Terminal Value | F24: =F22*F23 -> 4.6966503e+08 | G24: NCI can be in Liabilities and in Equity | J24: Beta | L24: 1.56 | M24: Shares Outstanding | O24: 4335195676
C25: Net Present Value | F25: =F24/(1+F17)^J16 -> 2.3606676e+08 | J25: Cost of Equity | L25: =L22+L23*L24 -> 0.1459 | M25: Equity Value | O25: =O23*O24 -> 2.3431733e+11
B26: Perpetuity Method | J26: Cost of Debt | L26: ='Debt Schedule'!I17 -> 0.05
C27: Unlevered Free Cash Flow | F27: =J13 -> 19453983
C28: Growth Rate | F28: 0.1 | J28: WACC | L28: =L25*O25/(O22+O25)+L26*(1-L33)*O22/(+O22) -> 0.18764966
C29: Terminal Value | F29: =F27*(1+F28)/(F17-F28) -> 2.4414678e+08
C30: Net Present Value | F30: =F29/(1+F17)^J16 -> 1.2271499e+08 | J30: Damodarn said around 7% | N30: Risk free rate is HKD 10Yr
J31: Market risk premia said 9%
B32: Discounted Cash Flow Total Valuation | E32: EBITDA Method | F32: Perpetuity Method | J32: Beta based on yahoo finance
B33: Total of Present Value of Cash Flows | E33: =G18 -> -3920910.7 | F33: =G18 -> -3920910.7 | G33: same | J33: Income Tax Rate > | L33: 0.165
B34: Present Value of Terminal Value | E34: =F25 -> 2.3606676e+08 | F34: =F30 -> 1.2271499e+08
B35: Total Enterprise Value | E35: =SUM(E33:E34) -> 2.3214585e+08 | F35: =SUM(F33:F34) -> 1.1879408e+08
B36: Net Debt, Non-controlling interests, preferred securities | E36: =O22-'Balance Sheet'!H25 -> -5695037 | F36: =O22-'Balance Sheet'!H25 -> -5695037 | G36: same
B37: Equity Value | E37: =E35-E36 -> 2.3784089e+08 | F37: =F35-F36 -> 1.2448912e+08
B38: Share Count | E38: =O24 -> 4335195676 | F38: =O24 -> 4335195676 | G38: same
B39: Estimated Equity Value per Share | E39: =E37*1000/E38 -> 54.86278 | F39: =F37*1000/F38 -> 28.715916

Sheet Notes
B2: Colour Convention
B3: Blue: Hard-coded numbers
B4: Blue with highlight: Assumptions
B5: Black: Excel formula
B6: Green: Linked items from other worksheets
